 Dungeon Crawl Stone Soup version 0.31-a0-1-g4198be8af4 (webtiles) character file.

Game seed: 15958212390952226006

23 LobsterGuardian the Caller (level 2, -1/15 HPs)
             Began as a Deep Elf Summoner on Apr 30, 2023.
             Succumbed to a goblin's poison
             ... on level 1 of the Dungeon.
             The game lasted 00:01:16 (294 turns).

LobsterGuardian the Caller (Deep Elf Summoner)       Turns: 294, Time: 00:01:16

Health: -1/15      AC:  2    Str:  5    XL:     2   Next: 72%
Magic:  6/8        EV: 12    Int: 19    God:
Gold:   28         SH:  0    Dex: 15    Spells: 4/7 levels left

rFire   . . .        g - +1 short sword (vamp)
rCold   . . .        (no shield)
rNeg    . . .        a - +0 robe
rPois   .            (no helmet)
rElec   .            (no cloak)
rCorr   .            (no gloves)
SInv    .            (no boots)
Will    .....        (no amulet)
Stlth   ++           (no ring)
HPRegen 0.22/turn    (no ring)
MPRegen 0.11/turn

%: no passive effects
@: lethally poisoned (-1 -> -17), flying
A: no striking features
a: no special abilities


You were on level 1 of the Dungeon.
You visited 1 branch of the dungeon, and saw 1 of its levels.

You collected 28 gold pieces.

Inventory:

Hand Weapons
 g - a +1 vampiric short sword (weapon)
Armour
 a - a +0 robe (worn)
Scrolls
 c - a scroll of identify {unknown}
 d - a scroll of noise {unknown}
 e - a scroll of blinking {unknown}
 f - a scroll of fog {unknown}
Potions
 b - a potion of magic


   Skills:
 - Level 2.4 Dodging
 - Level 2.4 Stealth
 + Level 3.1 Spellcasting
 * Level 5.3 Summonings


You had 4 spell levels left.
You knew the following spells:

 Your Spells              Type           Power      Damage    Failure   Level
a - Summon Small Mammal   Summ           92%        N/A       1%          1
b - Call Imp              Summ           46%        N/A       2%          2

Your spell library contained the following spells:

 Spells                   Type           Power      Damage    Failure   Level
 Call Canine Familiar     Summ           23%        N/A       4%          3
 Summon Guardian Golem    Hex/Summ       13%        N/A       16%         3
 Summon Lightning Spire   Summ/Air       13%        N/A       45%         4


Dungeon Overview and Level Annotations

Branches:
Dungeon (1/15)

Altars:


Message History

You see here a +1 vampiric short sword.
g - a +1 vampiric short sword You feel a sense of dread.
g - a +1 vampiric short sword (weapon)
Your cerulean imp disappears in a puff of smoke!
Your quokka disappears in a puff of smoke!
Your quokka disappears in a puff of smoke!
You now have 12 gold pieces (gained 9).
Found a mace.
You now have 25 gold pieces (gained 13).
You now have 28 gold pieces (gained 3).
h - a pink potion You see here a +0 mace.
A goblin comes into view. It is wielding a +1 dagger of venom.
A goblin is nearby!
The goblin shouts!
The goblin hits you with a +1 dagger of venom.
You are poisoned.
You hit the goblin.
You feel better.
The goblin is heavily wounded.
You feel sick.
The goblin hits you with a +1 dagger of venom.
You are lethally poisoned!
You barely miss the goblin.
The goblin is heavily wounded.
You feel very sick. The goblin barely misses you.
Okay, then.
A tiny devil pulls itself out of the air.
You feel very sick.
The goblin hits you with a +1 dagger of venom.
* * * LOW HITPOINT WARNING * * *
You are more poisoned.
Casting: Call Imp (safe; 2% risk of failure)
Confirm with . or Enter, or press ? or * to list all spells.
Okay, then.
It was a potion of flight.
You feel very buoyant.
You fly up into the air.
You die...

...# #.. ..... ####
##. .... .. # ... #
##.... # .#...# ######
#...... .....##
.......
......###########....#
........).......@g..#
........########5####
.......## ...#
.......# ....#
.......# ......
.......# ......##
......## .......#
.....## ........#
######


You could see a goblin (ally target) and a friendly cerulean imp (summoned).

Vanquished Creatures
  A kobold (D:1)
1 creature vanquished.

Vanquished Creatures (collateral kills)
  2 dart slugs (D:1)
  A bat (D:1)
  4 endoplasms (D:1)
  A goblin (D:1)
  2 hobgoblins (D:1)
  A kobold (D:1)
  A quokka (D:1)
  A ball python (D:1)
  A frilled lizard (D:1)
  2 rats (D:1)
16 creatures vanquished.

Grand Total: 17 creatures vanquished

Notes
Turn   | Place    | Note
-------+----------+-------------------------------------------
     0 | D:1      | LobsterGuardian the Deep Elf Summoner began the quest for
                  | the Orb.
     0 | D:1      | Reached XP level 1. HP: 10/10 MP: 6/6
    89 | D:1      | Reached XP level 2. HP: 14/15 MP: 6/8
    95 | D:1      | Learned a level 2 spell: Call Imp
   118 | D:1      | Reached skill level 5 in Summonings
   294 | D:1      | Succumbed to a goblin's poison

Illustrated notes

Levels and vault maps discovered:
D:1:      lightli_arrival_maybe_door_vault, layout_rooms, serial_bayou_pond_a,
          minmay_tetromino_t2

Skill      XL: |  1  2 |
---------------+-------+-----
Summonings     | 5 |  5.3
Dodging        | |  2.4
Stealth        | |  2.4
Spellcasting   | |  3.1

Action                     || total
---------------------------++-------
  Melee: Unarmed           ||    35
         Short sword       ||     2
   Cast: Summon Small Mamm ||     9
         Call Imp          ||     3
    Use: Potion            ||     1
 Armour: Robe              ||     6
  Dodge: Dodged            ||    25

Table legend: (Time is in decaauts)
 A = Elapsed time spent in this place.
 B = Non-inter-level travel time spent in this place.
 C = Inter-level travel time spent in this place.
 D = Time resting spent in this place.
 E = Time spent auto-exploring this place.
 F = Levels seen in this place.
 G = Mean time per level.
                   A        B        C        D        E       F      G
               +--------+--------+--------+--------+--------+-----+--------+
         Total |    293 |    293 |      0 |      0 |    185 |   1 |  293.0 |
       Dungeon |    293 |    293 |      0 |      0 |    185 |   1 |  293.0 |
               +--------+--------+--------+--------+--------+-----+--------+

Top non-repeatable levels by time:
     D:1: 293 daAuts
